 Dungeon Crawl Stone Soup version 0.21-a0-434-g806c6c2 (webtiles) character file.

197 Atlas the Chiller (level 5, -1/38 HPs)
             Began as a Draconian Ice Elementalist on Nov 8, 2017.
             Killed from afar by an orc wizard (7 damage)
             ... with a magic dart
             ... on level 3 of the Dungeon.
             The game lasted 00:04:00 (2181 turns).

Atlas the Chiller (Draconian Ice Elementalist)      Turns: 2181, Time: 00:04:01

Health: -1/38      AC:  6    Str: 10    XL:     5   Next: 46%
Magic:  5/10       EV: 12    Int: 16    God:
Gold:   88         SH:  0    Dex: 12    Spells: 5/11 levels left

rFire    . . .     SeeInvis .   (no weapon)
rCold    . . .     Gourm    .   (no shield)
rNeg     . . .     Faith    .   (armour unavailable)
rPois    .         Spirit   .   (helmet restricted)
rElec    .         Reflect  .   (no cloak)
rCorr    .         Harm     .   j - +0 pair of gloves
MR       .....                  (no boots)
Stlth    ++........             (no amulet)
HPRegen  0.12/turn              (no ring)
MPRegen  0.12/turn              (no ring)

@: no status effects
A: unfitting armour, cold-blooded, AC +5
a: no special abilities


You were on level 3 of the Dungeon.
You were not hungry.

You visited 1 branch of the dungeon, and saw 3 of its levels.

You collected 88 gold pieces.

Inventory:

Armour
 j - a +0 pair of gloves (worn)
Scrolls
 d - 4 scrolls of identify {unknown}
 h - a scroll of remove curse {unknown}
 k - a scroll of recharging {unknown}
 o - a scroll of immolation {unknown}
Potions
 c - a potion of resistance {unknown}
 e - a potion of invisibility {unknown}
 i - a potion of haste {unknown}
 m - a potion of brilliance {unknown}
 n - 3 potions of mutation {unknown}
 p - a potion of magic {unknown}
 q - a potion of curing {unknown}
 s - a potion of heal wounds {unknown}
Books
 a - a book of Frost

   Spells                             Type                      Level
   a - Freeze                         Ice                          1
   b - Throw Frost                    Conjuration/Ice              2
   c - Ozocubu's Armour               Charms/Ice                   3
   d - Throw Icicle                   Conjuration/Ice              4
   e - Summon Ice Beast               Ice/Summoning                4
Comestibles
 b - 3 bread rations
 f - 5 chunks of flesh
 g - a meat ration
 l - 3 royal jellies
 r - 2 fruits


   Skills:
 + Level 0.3 Fighting
 + Level 2.3 Dodging
 - Level 1.8 Stealth
 + Level 3.9 Spellcasting
 + Level 1.0 Conjurations
 + Level 4.5 Ice Magic


You had 5 spell levels left.
You knew the following spells:

 Your Spells              Type           Power        Failure   Level  Hunger
a - Freeze                Ice            ###.         2%          1    None
b - Throw Frost           Conj/Ice       ##....       9%          2    ##.....
c - Ozocubu's Armour      Chrm/Ice       ##......     21%         3    ###....


Dungeon Overview and Level Annotations

Branches:
Dungeon (3/15)

Altars:


Innate Abilities, Weirdness & Mutations

Your plain brown scales are hard. (AC +5)
You cannot fit into any form of body armour.
You are cold-blooded and may be slowed by cold attacks.


Message History

The orc wizard barely misses you.
Casting: Freeze
Confirm with . or Enter, or press ? or * to list all spells.
Aiming: Freeze
Press: ? - help, Shift-Dir - straight line, f/p - orc wizard
Aim: an orc wizard, wielding a dagger and wearing a robe (moderately wounded)
You freeze the orc wizard.
The orc wizard is moderately wounded.
The orc wizard gestures wildly while chanting.
The orc wizard blinks!
You start resting.
The orc wizard mumbles some strange words.
The orc wizard blinks!
Casting: Freeze
Confirm with . or Enter, or press ? or * to list all spells.
You can't see any susceptible monsters within range! (Use Z to cast anyway.)
You start resting.
The orc wizard gestures at you while chanting.
The magic dart hits you!
You die...

#########.## #..........#
#.#######.######### #.#
#.........# #.# #########.#
#.# #.# ####.# #####.#######
#....# #.o).........
#.##############@##.#######.
#.# #...#..)...##.# #.#
#.....#######.# #.# #...###
#.# #.## ##.## #.#
...#####.# #.# .#.......#
#.# ...#####.# #.#
#.######.######## #.#


You could see an orc wizard.

Vanquished Creatures
  An orc priest (D:3)
  An orc wizard (D:3)
  7 adders
  2 worms (D:2)
  A leopard gecko (D:3)
  7 orcs (D:3)
  4 giant cockroaches
  6 hobgoblins
  3 jackals (D:2)
  3 quokkas
  2 ball pythons
  4 bats
  4 frilled lizards
  5 goblins (D:3)
  7 kobolds
  9 rats
66 creatures vanquished.

Notes
Turn   | Place    | Note
-------+----------+-------------------------------------------
     0 | D:1      | Atlas the Draconian Ice Elementalist began the quest for the Orb.
     0 | D:1      | Reached XP level 1. HP: 14/14 MP: 3/3
   364 | D:1      | Reached XP level 2. HP: 20/20 MP: 3/5
   699 | D:2      | Reached XP level 3. HP: 26/26 MP: 2/6
   714 | D:2      | Learned a level 2 spell: Throw Frost
   721 | D:2      | Learned a level 3 spell: Ozocubu's Armour
  1206 | D:2      | Reached XP level 4. HP: 26/33 MP: 4/8
  1494 | D:3      | Reached skill level 4 in Ice Magic
  1924 | D:3      | Reached XP level 5. HP: 20/38 MP: 3/10
  2181 | D:3      | Killed from afar by an orc wizard

Vault maps used:
D:1:      dpeg_arrival_tiny_i
D:3:      first_bread

Skill      XL: |  1  2  3  4 |
---------------+-------------+-----
Dodging        | 2 |  2.3
Spellcasting   | 3 |  3.9
Ice Magic      | 4 |  4.5
Fighting       | |  0.3
Stealth        | |  1.8
Conjurations   | |  1.0

Action                   |  1- 3 |  4- 6 || total
-------------------------+-------+-------++-------
Melee: Unarmed           |    31 |    13 ||    44
       Tailslap          |     4 |       ||     4
 Cast: Freeze            |    56 |    62 ||   118
 Stab: Sleeping          |     1 |       ||     1
  Eat: Chunk             |     1 |     3 ||     4
Armor: Skin              |    20 |    10 ||    30
Dodge: Dodged            |    44 |    26 ||    70

Table legend:
 A = Spawn XP
 B = Non-spawn XP
 C = Spawn XP percentage of total XP
 D = Spawn monster count
 E = Non-spawn monster count
 F = Spawn count percentage of total count
 G = Total turns spent on level
                    A         B        C        D         E        F      G
               +---------+---------+-------+---------+---------+-------+---------
         Total |       0 |     282 |   0.0 |       0 |      66 |   0.0 |  2181
               +---------+---------+-------+---------+---------+-------+---------
           D:1 |       0 |      16 |   0.0 |       0 |      12 |   0.0 |   635
           D:2 |       0 |      83 |   0.0 |       0 |      25 |   0.0 |   790
           D:3 |       0 |     183 |   0.0 |       0 |      29 |   0.0 |   756
               +---------+---------+-------+---------+---------+-------+---------
